 Dungeon Crawl Stone Soup version 0.26-a0-651-gb41185065b (webtiles) character file.

Game seed: 14824259406619869021

3522 Flugslaktarn the Cleaver (level 9, -14/88 HPs)
             Began as a Deep Dwarf Fighter on Oct 9, 2020.
             Was an Initiate of Makhleb.
             Killed by divine providence
             ... invoked by an orc priest
              (15 damage)
             ... on level 9 of the Dungeon.
             The game lasted 00:03:20 (5188 turns).

Flugslaktarn the Cleaver (Deep Dwarf Fighter)       Turns: 5188, Time: 00:03:20

Health: -14/88     AC: 18    Str: 26    XL:     9   Next: 81%
Magic:  3/3        EV:  7    Int:  9    God:    Makhleb [......]
Gold:   459        SH: 11    Dex: 15    Spells: 8/8 levels left

rFire    + . .     SeeInvis .   q - +0 broad axe
rCold    . . .     Faith    +   c - +0 kite shield
rNeg     . . .     Spirit   .   A - +0 plate armour
rPois    .         Reflect  .   (no helmet)
rElec    .         Harm     .   i - +0 cloak
rCorr    .         Rampage  .   l - +1 pair of gloves
MR       +....                  y - +0 pair of boots
Stlth    ..........             e - amulet of faith
HPRegen  0.00/turn              h - +6 ring of strength
MPRegen  0.08/turn              f - ring of protection from fire

@: non-regenerating
A: damage resistance, heal wounds, sense surroundings 2, no regeneration
a: Heal Wounds, Renounce Religion


You were on level 9 of the Dungeon.
You worshipped Makhleb.
Makhleb was noncommittal.
You visited 2 branches of the dungeon, and saw 11 of its levels.

You collected 459 gold pieces.

Inventory:

Hand Weapons
 a - a +1 war axe
 q - a +0 broad axe (weapon)
   (You found it on level 7 of the Dungeon)
Missiles
 t - 3 throwing nets (quivered)
Armour
 c - a +0 kite shield (worn)
 i - a +0 cloak (worn)
   (You found it on level 8 of the Dungeon)
 l - a +1 pair of gloves (worn)
   (You found it on level 5 of the Dungeon)
 y - a +0 pair of boots (worn)
   (You found it on level 7 of the Dungeon)
 A - a +0 plate armour (worn)
   (You took it off an orc warrior on level 7 of the Dungeon)
Jewellery
 e - an amulet of faith (around neck)
   (You found it on level 7 of the Dungeon)
 f - a ring of protection from fire (right hand)
   (You found it on level 6 of the Dungeon)
 h - a +6 ring of strength (left hand)
   (You found it on level 6 of the Dungeon)
 j - an uncursed amulet of regeneration {unknown}
   (You found it on level 8 of the Dungeon)
 p - a cursed ring of teleportation {unknown}
   (You found it on level 7 of the Dungeon)
Wands
 b - a wand of acid (2)
   (You found it on level 9 of the Dungeon)
 g - a wand of digging (3)
   (You took it off Ijyb on level 3 of the Dungeon)
 o - a wand of iceblast (12)
   (You found it on level 5 of the Dungeon)
Scrolls
 k - 2 scrolls of enchant weapon
 n - a scroll of fog
 r - a scroll of teleportation {unknown}
 s - a scroll of immolation
 x - 2 scrolls of remove curse
 z - a scroll of blinking
Potions
 d - 2 potions of might
 m - a potion of lignification
 u - a potion of invisibility
 v - a potion of heal wounds {unknown}
 w - a potion of resistance {unknown}


   Skills:
 * Level 8.0 Fighting
 * Level 9.2 Axes
 + Level 7.0 Armour
 + Level 3.1 Dodging
 - Level 6.1 Shields
 + Level 0.1 Invocations
 + Level 0.0 Evocations


You had 8 spell levels left.
You didn't know any spells.
Your spell library was empty.

Dungeon Overview and Level Annotations

Branches:
Dungeon (10/15)            Temple (1/1) D:5
   Lair: D:8-11         Orc: D:9-12

Altars:
Cheibriados
Dithmenos
Elyvilon
Fedhas
Gozag
Kikubaaqudgha
Makhleb
Nemelex Xobeh
Okawaru
Qazlal
Ru
Sif Muna
Trog
Wu Jian
Xom
Yredelemnul
Zin
The Shining One
Beogh
Lugonu

Annotations:
D:3 1 runed translucent door


Innate Abilities, Weirdness & Mutations

You are resistant to damage.
You can heal yourself by infusing magical energy.
You passively map the area around you.
You do not regenerate.


Message History

You hear a shout!
Your shield and plate armour prevent you from hitting the orc warrior.
You closely miss the orc priest.
The orc priest hits you but does no damage.
The orc warrior hits you with a +0 dire flail!!
* * * LOW HITPOINT WARNING * * *
The orc priest calls down the wrath of Beogh upon you.
You resist with some effort.
You are too injured to fight recklessly!
You slash the orc warrior!
The orc warrior is heavily wounded.
You hit the orc priest but do no damage.
You block the orc priest's attack.
The orc warrior hits you with a +0 dire flail!
* * * LOW HITPOINT WARNING * * *
The orc priest calls upon Beogh to heal the orc warrior.
The orc warrior is healed somewhat.
The orc priest calls down the wrath of Beogh upon you.
Beogh smites you!
You die...

* ***,,
############............
, #............ * ,, *
#########....>....... >
, ,.............((......
.......†............. **
** *
######.############# *
#.# # ..########.######*
* * ......o@.......... ,
......)o.........., *
****.......o..).......,
,,, .................. ,
,.................! ,
..o.......?....... , , ,
.................. , * ,
..........#####.. * ** ,
, , ** , , ,


You could see an orc warrior and 3 orc priests.

Vanquished Creatures
  Harold (D:8)
  A wyvern (D:8)
  An ice beast (D:10)
  A sky beast (D:8)
  5 orc warriors
  4 phantoms
  2 eyes of draining (D:5)
  4 ogres
  2 centaurs
  2 scorpions
  A water moccasin skeleton (D:5)
  2 howler monkeys (D:8)
  2 bullfrog zombies
  3 hounds
  2 jellies
  An orc priest (D:8)
  2 orc wizards
  2 bullfrog skeletons
  Ijyb (D:3)
  2 worker ants (D:5)
  A hound skeleton (D:5)
  A howler monkey zombie (D:7)
  9 adders
  7 gnolls
  An ooze (D:3)
  An ufetubus (D:8)
  An adder skeleton (D:5)
  3 worms
  A dart slug (D:3)
  2 leopard geckos
  43 orcs
  5 giant cockroaches
  5 hobgoblins
  8 jackals
  2 quokkas
  4 ball pythons
  5 bats
  4 frilled lizards
  2 gnoll zombies (D:6)
  3 goblins
  A jackal skeleton (D:4)
  4 kobolds
  A leopard gecko skeleton (D:6)
  A leopard gecko zombie (D:5)
  A quokka skeleton (D:4)
  3 rats
160 creatures vanquished.

Notes
Turn   | Place    | Note
-------+----------+-------------------------------------------
     0 | D:1      | Flugslaktarn the Deep Dwarf Fighter began the quest for the
                  | Orb.
     0 | D:1      | Reached XP level 1. HP: 20/20 MP: 1/1
   321 | D:2      | Reached XP level 2. HP: 21/27 MP: 2/2
   423 | D:2      | Found an iron altar of Okawaru.
   473 | D:3      | Reached skill level 3 in Axes
   473 | D:3      | Reached XP level 3. HP: 34/34 MP: 3/3
   495 | D:3      | Reached XP level 4. HP: 16/42 MP: 4/4
   517 | D:4      | Noticed an ogre
   529 | D:4      | Killed an ogre
   529 | D:4      | Reached XP level 5. HP: 50/50 MP: 5/5
   540 | D:4      | Reached skill level 4 in Axes
   679 | D:4      | Reached XP level 6. HP: 32/57 MP: 6/6
   714 | D:4      | Found a blossoming altar of Fedhas.
   800 | D:4      | Found a sparkling altar of Nemelex Xobeh.
   960 | D:4      | Found a shimmering blue altar of Sif Muna.
  1319 | D:5      | Entered Level 5 of the Dungeon
  1435 | D:5      | Reached skill level 5 in Axes
  1650 | D:5      | Found a bloodstained altar of Trog.
  1661 | D:5      | Reached XP level 7. HP: 35/66 MP: 0/5
  1670 | D:5      | Reached skill level 5 in Fighting
  1797 | D:5      | Found a staircase to the Ecumenical Temple.
  1798 | D:5      | Found a stormy altar of Qazlal.
  1823 | D:5      | Reached skill level 5 in Armour
  1823 | D:5      | Reached skill level 5 in Shields
  1889 | D:5      | Reached skill level 6 in Axes
  1910 | Temple   | Entered the Ecumenical Temple
  2096 | D:5      | Found a sacrificial altar of Ru.
  2266 | D:6      | Reached XP level 8. HP: 32/75 MP: 4/4
  2564 | D:6      | Found a glowing silver altar of Zin.
  2647 | D:6      | Found a basalt altar of Yredelemnul.
  2700 | D:7      | Found an ornate altar of the Wu Jian Council.
  2791 | D:7      | Found a stormy altar of Qazlal.
  2888 | D:7      | Reached skill level 7 in Axes
  2998 | D:7      | You fall into a shaft and drop 3 floors!
  2998 | D:10     | Entered Level 10 of the Dungeon
  3231 | D:8      | Found a snail-covered altar of Cheibriados.
  3276 | D:8      | Gained mutation: You passively map the area around you.
                  | [Deep Dwarf growth]
  3276 | D:8      | Reached XP level 9. HP: 66/85 MP: 4/4
  3873 | D:8      | Found a shadowy altar of Dithmenos.
  3902 | D:8      | Reached skill level 8 in Axes
  3902 | D:8      | Reached skill level 1 in Dodging
  3963 | D:8      | Found a roughly hewn altar of Beogh.
  4201 | D:8      | Noticed Harold
  4215 | D:8      | Killed Harold
  4293 | D:8      | Reached skill level 9 in Axes
  4347 | D:8      | Found a sacrificial altar of Ru.
  4709 | D:3      | Noticed Ijyb
  4717 | D:3      | Killed Ijyb
  4978 | D:3      | Found a burning altar of Makhleb.
  5002 | D:3      | Found a runed translucent door.
  5020 | D:3      | Became a worshipper of Makhleb the Destroyer
  5188 | D:9      | HP: 1/88 [orc warrior/+0 dire flail (14)]
  5188 | D:9      | Killed from afar by an orc priest

Illustrated notes

Levels and vault maps discovered:
D:1:      scummos_arrival_simple_crosswalls, layout_loops_corners
D:2:      layout_basic, vehumet_crystals, ashenzari_altar_1,
          lemuel_doored_altar, marbit_many_paths, serial_forest,
          infiniplex_forest_zigzag_1, infiniplex_forest_lined_room_,
          infiniplex_forest_straight_4, infiniplex_forest_pool,
          infiniplex_forest_lined_corner, infiniplex_forest_zigzag_1,
          infiniplex_forest_3_way, infiniplex_forest_straight_1
D:3:      layout_basic, overflow_temple_1_default, ebering_ghost_sewer_d,
          uniq_ijyb
D:4:      layout_loops_ring, lemuel_blue_sif_altar,
          nemelex_xobeh_ov_fountains_minmay, fedhas_altar_fruit_tree
D:5:      layout_loops_ring, trog_eyes_of_draining, minmay_temple_entry_waves,
          basic_altar, minmay_misc_feat_plants, minivault_23,
          nicolae_ru_sacrificial_ziggurat
D:6:      layout_cave_pools, zin_statuary, lemuel_zombie_altar_yredelemnul
D:7:      layout_loops_ring, overflow_temple_1_default, lemuel_round_altar
D:8:      layout_gridville, kennysheep_mini_moat, grunt_dithmenos_smoke,
          cheibriados_altar_1, special_room [special_room_orc], uniq_harold
D:9:      layout_long_grid, gammafunk_temple_overflow_arena, lair_entry_dummy
D:10:     layout_gridville, basic_altar
Temple:   corrupted_temple

Skill      XL: |  1  2  3  4  5  6  7  8  9 |
---------------+----------------------------+-----
Fighting       | 3 4 5 6 8 |  8.0
Axes           | 3 4 5 6 7 9 |  9.2
Armour         | 4 5 6 7 |  7.0
Shields        | 4 5 6 |  6.1
Dodging        | 3 |  3.1
Invocations    | |  0.1

Action                   |  1- 3 |  4- 6 |  7- 9 || total
-------------------------+-------+-------+-------++-------
Melee: War axe           |    78 |   172 |   197 ||   447
       Broad axe         |       |       |   192 ||   192
 Abil: Heal Wounds       |     1 |     5 |    17 ||    23
  Use: Scroll            |       |       |    14 ||    14
Armor: Scale mail        |    28 |    75 |    34 ||   137
       Plate armour      |       |       |    96 ||    96
Dodge: Dodged            |    19 |    52 |    61 ||   132
Block: Kite shield       |    39 |   108 |   193 ||   340

Table legend: (Time is in decaauts)
 A = Elapsed time spent in this place.
 B = Non-inter-level travel time spent in this place.
 C = Inter-level travel time spent in this place.
 D = Time resting spent in this place.
 E = Time spent auto-exploring this place.
 F = Levels seen in this place.
 G = Mean time per level.
                   A        B        C        D        E       F      G
               +--------+--------+--------+--------+--------+-----+--------+
         Total |   5385 |   4843 |    542 |     20 |   3552 |  11 |  489.5 |
       Dungeon |   5346 |   4816 |    530 |     20 |   3526 |  10 |  534.6 |
        Temple |     38 |     27 |     11 |      0 |     26 |   1 |   38.0 |
               +--------+--------+--------+--------+--------+-----+--------+

Top non-repeatable levels by time:
     D:8: 1167 daAuts
     D:4: 866 daAuts
     D:5: 843 daAuts
     D:7: 815 daAuts
     D:6: 550 daAuts
     D:3: 530 daAuts
     D:1: 326 daAuts
     D:2: 127 daAuts
     D:9: 95 daAuts
  Temple: 38 daAuts
    D:10: 23 daAuts
